 Dungeon Crawl Stone Soup version 0.17.1-1-g73c8601 (webtiles) character file.

414 Glider the Insei (level 6, -10/43 HPs)
             Began as a Merfolk Transmuter on Jan 9, 2016.
             Was an Initiate of Makhleb.
             Mangled by Sigmund
             ... wielding a +0 scythe
              (14 damage)
             ... on level 5 of the Dungeon.
             The game lasted 00:14:01 (4425 turns).

Glider the Insei (Merfolk Transmuter)               Turns: 4425, Time: 00:14:01

Health: -10/43     AC:  4    Str: 10    XL:     6   Next: 91%
Magic:  8/9        EV:  8    Int: 12    God:    Makhleb [......]
Gold:   188        SH:  0    Dex: 17    Spells: 3 memorised, 3 levels left

rFire  + . .     SeeInvis .       - Unarmed
rCold  + . .     Clarity  .     b - +0 robe
rNeg   . . .     SustAt   .     (no shield)
rPois  .         Gourm    .     (no helmet)
rElec  .         Spirit   .     g - +1 cloak
rCorr  .         Warding  .     (no gloves)
rMut   .         Stasis   .     (no boots)
MR     .....                    t - amulet of faith
Stlth  ++........               s - ring of protection from fire
                                n - ring of protection from cold

@: appendage (expiring), not resistant to hostile enchantments, unstealthy
A: change form in water, swift swim, horns 2
a: End Transformation, Renounce Religion


You were on level 5 of the Dungeon.
You worshipped Makhleb.
Makhleb was noncommittal.
You were not hungry.
You had grown temporary horns.
You visited 2 branches of the dungeon, and saw 6 of its levels.

You collected 188 gold pieces.

Inventory:

Missiles
 a - 29 arrows
Armour
 b - a +0 robe (worn)
 g - a +1 cloak (worn)
Jewellery
 n - a ring of protection from cold (left hand)
 s - a ring of protection from fire (right hand)
 t - an amulet of faith (around neck)
Wands
 m - a wand of lightning (6)
 q - a wand of frost (14)
 r - a wand of magic darts (12)
 y - a wand of disintegration (2)
Scrolls
 k - 3 scrolls of remove curse
 l - 2 scrolls of enchant armour
 A - a scroll of noise {unknown}
Potions
 e - 2 potions of agility
 i - 2 potions of heal wounds
 j - a potion of curing {unknown}
 p - 2 potions of might
 u - a potion of cancellation {unknown}
 w - a potion of lignification {unknown}
 x - a potion of flight {unknown}
 z - a potion of brilliance {unknown}
 D - a potion of ambrosia
Books
 c - a book of Changes

   Spells                             Type                      Level
   a - Beastly Appendage              Transmutation                1
   b - Sticks to Snakes               Transmutation                2
   c - Spider Form                    Transmutation/Poison         3
   d - Ice Form                       Ice/Transmutation            4
   e - Blade Hands                    Transmutation                5
Comestibles
 d - 5 bread rations
 f - a slice of pizza
 h - 2 fruits
 o - a meat ration
 v - a beef jerky
 B - a chunk of flesh


   Skills:
 - Level 1.1 Fighting
 - Level 3.0 Dodging
 * Level 6.9 Unarmed Combat
 - Level 2.0 Spellcasting
 * Level 4.9 Transmutations
 * Level 2.3 Poison Magic


You had 3 spell levels left.
You knew the following spells:

 Your Spells              Type           Power        Failure   Level  Hunger
a - Beastly Appendage     Trmt           ##....       4%          1    ##.....
b - Sticks to Snakes      Trmt           ##........   8%          2    ###....
c - Spider Form           Trmt/Pois      #.........   21%         3    ####...


Dungeon Overview and Level Annotations

Branches:
Dungeon (5/15)             Temple (1/1) D:4

Altars:
Ashenzari
Cheibriados
Elyvilon
Fedhas
Gozag
Kikubaaqudgha
Makhleb
Qazlal
Ru
Sif Muna
Trog
Vehumet
Xom
Yredelemnul
Zin
The Shining One

Shops:
D:4 [

Annotations:
D:5 Sigmund


Innate Abilities, Weirdness & Mutations

You revert to your normal form in water.
You are very nimble and swift while swimming.
You have a pair of horns on your head.


Message History

Something hits you!
Your ball python barely misses something.
You closely miss something. You headbutt something.
Your ball python bites something.
Something hits you!
You hit something.
Your ball python bites something but does no damage.
You barely miss something.
Your ball python bites something but does no damage.
You hear some strange, mumbled words.
A magic dart appears from out of thin air!
The magic dart hits you!
You barely miss something.
Your ball python barely misses something.
Something hits you!
* * * LOW HITPOINT WARNING * * *
Your ball python barely misses something.
There is a stone staircase leading up, spattered with blood here.
Your ball python barely misses something.
Something hits you!
You die...

### ##..
... ##.##
##...####.#
#...S{....#
.#####...#
>......@##
.#####.##
#( .. ##.
.. #. #.


You could see a friendly ball python.

Vanquished Creatures
  The ghost of Glider the Insei, a novice OpTm of Qazlal (D:4)
  Terence (D:3)
  2 orc wizards (D:4)
  A worker ant (D:4)
  An adder (D:2)
  2 worms
  4 giant geckos
  11 orcs (D:4)
  5 goblins
  3 hobgoblins
  4 jackals (D:4)
  4 kobolds
  3 quokkas
  7 bats
  4 giant newts
  3 rats
  A spectral orc (D:2)
57 creatures vanquished.

Vanquished Creatures (collateral kills)
  An adder (D:2)
  A kobold (D:2)
2 creatures vanquished.

Grand Total: 59 creatures vanquished

Notes
Turn   | Place    | Note
--------------------------------------------------------------
     0 | D:1      | Glider the Merfolk Transmuter began the quest for the Orb.
     0 | D:1      | Reached XP level 1. HP: 15/15 MP: 3/3
    57 | D:1      | Reached XP level 2. HP: 11/21 MP: 3/5
   192 | D:1      | Learned a level 2 spell: Sticks to Snakes
   434 | D:1      | Reached skill level 4 in Unarmed Combat
   853 | D:2      | Reached XP level 3. HP: 17/26 MP: 3/6
  1002 | D:2      | Learned a level 3 spell: Spider Form
  1367 | D:2      | Found a basalt altar of Yredelemnul.
  1658 | D:3      | Noticed Terence
  1676 | D:3      | Killed Terence
  1676 | D:3      | Reached XP level 4. HP: 8/32 MP: 7/7
  2031 | D:3      | Found a sacrificial altar of Ru.
  2037 | D:3      | Reached skill level 5 in Unarmed Combat
  2546 | D:3      | Found a radiant altar of Vehumet.
  2910 | D:4      | Found Otach's Armour Emporium.
  3117 | D:4      | Reached skill level 1 in Poison Magic
  3118 | D:4      | Reached XP level 5. HP: 37/37 MP: 8/8
  3860 | D:4      | Found a staircase to the Ecumenical Temple.
  3866 | Temple   | Entered the Ecumenical Temple
  3926 | Temple   | Became a worshipper of Makhleb the Destroyer
  4008 | D:4      | Noticed Glider's ghost (novice OpTm)
  4035 | D:4      | Killed Glider's ghost
  4035 | D:4      | Reached skill level 6 in Unarmed Combat
  4035 | D:4      | Reached XP level 6. HP: 13/43 MP: 3/9
  4259 | D:4      | Found a bloodstained altar of Trog.
  4361 | D:5      | Entered Level 5 of the Dungeon
  4406 | D:5      | Noticed Sigmund
  4425 | D:5      | Mangled by Sigmund

Action                   |  1- 3 |  4- 6 || total
-------------------------+-------+-------++-------
Melee: Unarmed           |    89 |   169 ||   258
 Cast: Beastly Appendage |     5 |    10 ||    15
       Sticks to Snakes  |     2 |     4 ||     6
  Use: Scroll            |       |     6 ||     6
 Stab: Sleeping          |     1 |     2 ||     3
  Eat: Chunk             |     1 |    11 ||    12
